 Dungeon Crawl Stone Soup version 0.32-a0-613-g40f424ee2b (webtiles) character file.

Game seed: 8217701896370329994

114 Kenran the Poker (level 4, -1/26 HPs)
             Began as a Gargoyle Reaver on Mar 5, 2024.
             Slain by an orc
             ... wielding a +0 mace
              (6 damage)
             ... on level 3 of the Dungeon.
             The game lasted 00:03:54 (1773 turns).

Kenran the Poker (Gargoyle Reaver)                  Turns: 1773, Time: 00:03:54

Health: -1/26      AC:  8    Str: 24    XL:     4   Next: 97%
Magic:  7/7        EV: 10    Int: 13    God:
Gold:   208        SH:  8    Dex:  8    Spells: 6/7 levels left

rFire   . . .        a - +0 spear
rCold   . . .        m - +0 buckler
rNeg    + . .        e - +0 ring mail
rPois   ∞            (no helmet)
rElec   +            (no cloak)
rCorr   .            (no gloves)
SInv    .            (no boots)
Will    .....        r - amulet of reflection Stlth
                     k - +6 ring of strength
HPRegen 0.24/turn    (no ring)
MPRegen 0.10/turn

%: reflection
@: no status effects
A: sickness immunity, AC +3, negative energy resistance 1, electricity
resistance, torment resistance 1, petrification resistance
a: no special abilities


You were on level 3 of the Dungeon.
You visited 1 branch of the dungeon, and saw 3 of its levels.

You collected 208 gold pieces.

Inventory:

Hand Weapons
 a - a +0 spear (weapon)
Armour
 e - a +0 ring mail (worn)
 m - a +0 buckler (worn)
Jewellery
 k - a +6 ring of strength (left hand)
 r - an amulet of reflection (around neck)
Scrolls
 c - a scroll of identify {unknown}
 f - a scroll of enchant weapon {unknown}
 h - 3 scrolls of poison
 i - a scroll of teleportation {unknown}
 j - a scroll of brand weapon {unknown}
 l - a scroll of immolation {unknown}
 o - a scroll of fog {unknown}
 t - a scroll of noise {unknown}
Potions
 b - a potion of might {unknown}
 d - a potion of curing {unknown}
 g - a potion of mutation {unknown}
 n - a potion of ambrosia {unknown}
 p - a potion of haste {unknown}
 q - a potion of invisibility {unknown}


   Skills:
 - Level 2.1 Fighting
 + Level 5.0 Polearms
 - Level 1.5 Dodging
 - Level 2.0 Spellcasting
 - Level 3.2 Conjurations


You had 6 spell levels left.
You knew the following spells:

 Your Spells              Type           Power      Damage    Failure   Level
a - Kiss of Death         Conj/Necr      20%        2d7       26%         1

Your spell library contained the following spells:

 Spells                   Type           Power      Damage    Failure   Level
 Momentum Strike          Conj/Tloc      10%        3d8       36%         2
 Scorch                   Fire           2%         2d5       58%         2
 Hailstorm                Conj/Ice       5%         3d5       61%         3
 Flame Wave               Conj/Fire      5%         2d5       95%         4
 Summon Cactus Giant      Summ           0%         N/A       100%        6


Dungeon Overview and Level Annotations

Branches:
Dungeon (3/15)

Altars:

Shops:
D:1 :   D:3 :


Innate Abilities, Weirdness & Mutations

You are immune to sickness and miasma.
Your stone body is resilient. (AC +3)
You are immune to poison.
You resist negative energy. (rN+)
You are resistant to electric shocks. (rElec)
You are resistant to unholy torment.
You are immune to petrification.


Message History

You barely miss the orc priest.
The orc priest hits you with a +0 falchion.
You closely miss the orc priest. The orc priest barely misses you.
You puncture the orc priest!
The orc priest is heavily wounded.
You block the orc priest's attack.
You hit the orc priest but do no damage.
The orc priest is heavily wounded.
The orc priest hits you but does no damage.
You hit the orc priest.
The orc priest is heavily wounded.
The orc priest looks satisfied for a moment.
You closely miss the orc priest.
The orc priest is heavily wounded.
You block the orc priest's attack.
You barely miss the orc priest.
The orc priest is heavily wounded.
You hit the orc priest.
The orc priest is severely wounded.
The orc priest calls down the wrath of Beogh upon you.
Beogh smites you!
The orc priest shouts, "Beogh offers mercy even to people such as you.
Join us and be reborn!" (press Y on the ability menu to convert to Beogh)
You closely miss the orc priest.
The orc priest is severely wounded.
The orc priest mumbles some strange prayers to Beogh against you.
Beogh smites you!
* * * LOW HITPOINT WARNING * * *
You hit the orc priest.
The orc priest is almost dead.
The orc priest hits you with a +0 falchion.
* * * LOW HITPOINT WARNING * * *
You puncture the orc priest!
You kill the orc priest!
Your Polearms skill increases to level 5!
You closely miss the orc. You block the orc's attack.
You hit the orc.
The orc is heavily wounded.
The orc hits you with a +0 mace.
You die...

#..#.#
####.........###.#
.....#
....#.#.#...###.#
.#.#.#
........#....##.#
...#.#
...<..#.##...##.#
......
......#.##......#
..#.##
......#......####
##...# ######.#
.... #...†.# ...
#@##### .. #o# #.#
#.# #.# ..# ###


You could see an orc.

Vanquished Creatures
  An orc priest (D:3)
  2 adders (D:2)
  2 dart slugs
  2 ribbon worms
  An orc (D:2)
  6 ball pythons
  2 bats
  4 endoplasms
  A giant cockroach (D:1)
  6 goblins
  6 hobgoblins
  2 jackals
  4 kobolds
  5 quokkas
  3 frilled lizards
  8 rats
55 creatures vanquished.

Notes
Turn   | Place    | Note
-------+----------+-------------------------------------------
     0 | D:1      | Kenran the Gargoyle Reaver began the quest for the Orb.
     0 | D:1      | Reached XP level 1. HP: 12/12 MP: 3/3
    65 | D:1      | Found Ifys's Book Emporium.
    65 | D:1      | Noticed a walking divine tome
    80 | D:1      | Noticed a walking divine tome
    92 | D:1      | Reached skill level 3 in Polearms
   135 | D:1      | Reached XP level 2. HP: 17/17 MP: 5/5
   513 | D:1      | Reached XP level 3. HP: 21/21 MP: 6/6
   825 | D:2      | Reached skill level 4 in Polearms
  1237 | D:2      | Reached XP level 4. HP: 20/26 MP: 7/7
  1367 | D:3      | Found a faded altar of an unknown god.
  1401 | D:3      | Found Daurub's Book Emporium.
  1772 | D:3      | Reached skill level 5 in Polearms
  1773 | D:3      | Slain by an orc

Illustrated notes

Levels and vault maps discovered:
D:1:      psy_arrival_radial02, layout_basic, serial_shops,
          nicolae_shop_mannequins
D:2:      layout_rooms
D:3:      layout_loops_cross, serial_shops, shop,
          shapermc_ecumenical_altar_venn, serial_glass, glass_columns_a,
          glass_columns_c

Skill      XL: |  1  2  3  4 |
---------------+-------------+-----
Polearms       | 3 4 5 |  5.0
Fighting       | |  2.1
Dodging        | |  1.5
Spellcasting   | |  2.0
Conjurations   | |  3.2

Action                     |  1- 3 |  4- 6 || total
---------------------------+-------+-------++-------
  Melee: Spear             |   201 |    92 ||   293
    Use: Scroll            |     1 |       ||     1
 Armour: Leather armour    |    11 |       ||    11
         Ring mail         |    97 |    32 ||   129
  Dodge: Dodged            |    80 |    29 ||   109
  Block: Buckler           |     3 |    12 ||    15

Table legend: (Time is in decaauts)
 A = Elapsed time spent in this place.
 B = Non-inter-level travel time spent in this place.
 C = Inter-level travel time spent in this place.
 D = Time resting spent in this place.
 E = Time spent auto-exploring this place.
 F = Levels seen in this place.
 G = Mean time per level.
                   A        B        C        D        E       F      G
               +--------+--------+--------+--------+--------+-----+--------+
         Total |   1748 |   1707 |     41 |     86 |   1041 |   3 |  582.7 |
       Dungeon |   1748 |   1707 |     41 |     86 |   1041 |   3 |  582.7 |
               +--------+--------+--------+--------+--------+-----+--------+

Top non-repeatable levels by time:
     D:1: 745 daAuts
     D:3: 513 daAuts
     D:2: 489 daAuts
